 Dungeon Crawl Stone Soup version 0.31-a0-161-gb58dd9be76 (webtiles) character file.

Game seed: 9506016834788997578

490911 Anon1729 the Phalangite (level 23, -3/214 (216) HPs)
             Began as a Minotaur Monk on June 12, 2023.
             Was a Follower of Uskayaw.
             Succumbed to a profane servitor's poison
             ... on level 3 of the Realm of Zot.
             The game lasted 01:06:47 (57748 turns).

Anon1729 the Phalangite (Minotaur Monk)            Turns: 57748, Time: 01:06:48

HP:   -3/214 (216)  AC: 38    Str: 25    XL:     23   Next: 58%
MP:   4/34          EV: 16    Int:  6    God:    Uskayaw [*.....]
Gold: 721           SH:  0    Dex: 27    Spells: 22/22 levels left

rFire   + . .        k - +8 spear of Jecuc {speed, Dex+3 Stlth+}
rCold   . . .        d - orb {light}
rNeg    . . .        K - +9 scales of the Dragon King {rPois rF+ rC+ Will+}
rPois   +            (helmet restricted)
rElec   .            U - scarf {repulsion}
rCorr   .            u - +2 pair of gloves
SInv    .            (no boots)
Will    ++...        H - amulet of faith Stlth
                     C - +6 ring of strength
HPRegen 0.55/turn    P - ring of flight
MPRegen 0.24/turn

%: repel missiles, faith
@: confused, lethally poisoned (-3 -> -35), about to teleport, ambrosia-drunk,
on berserk cooldown, flying, lightly drained
A: horns 2, retaliatory headbutt, agile 1, cold vulnerability 1
0: Orb of Zot
}: 3/15 runes: decaying, silver, gossamer
a: Renounce Religion, Stomp


You were on level 3 of the Realm of Zot.
You worshipped Uskayaw.
Uskayaw was most pleased with you.
You visited 9 branches of the dungeon, and saw 45 of its levels.
You visited 1 bazaar.

You collected 4722 gold pieces.
You spent 4001 gold pieces at shops.

Inventory:

Hand Weapons
 k - the +8 spear of Jecuc (weapon) {speed, Dex+3 Stlth+}
   (You found it on level 2 of the Dungeon)

   Dex:       It affects your dexterity (+3).
   Stlth:     It makes you more stealthy.
Missiles
 a - 2 throwing nets
 L - 17 curare-tipped darts
Armour
 d - an orb of light (worn)
 u - a +2 pair of gloves (worn)
 K - the +9 scales of the Dragon King (worn) {rPois rF+ rC+ Will+}
   (You found it on level 13 of the Dungeon)

   rF:        It protects you from fire.
   rC:        It protects you from cold.
   rPois:     It protects you from poison.
   Will:      It increases your willpower.
 U - a scarf of repulsion (worn)
Jewellery
 b - an amulet of the acrobat
 v - a ring of see invisible
 C - a +6 ring of strength (left hand)
 H - an amulet of faith (around neck)
 J - a ring of ice
 N - a +4 ring of protection
 P - a ring of flight (right hand)
 R - the ring "Jidwis" {Dex+7 SInv}
   (You found it on level 10 of the Dungeon)

   [ring of see invisible]

   Dex:       It affects your dexterity (+7).
   SInv:      It lets you see invisible.
Wands
 m - a wand of charming (36)
 I - a wand of mindburst (31)
 M - a wand of roots (46)
 O - a wand of light (17)
 W - a wand of digging (10)
 X - a wand of flame (88)
Scrolls
 h - 7 scrolls of immolation
 j - 6 scrolls of amnesia
 n - 11 scrolls of fog
 q - 11 scrolls of teleportation
 y - 4 scrolls of poison
 D - 6 scrolls of enchant armour
 E - 2 scrolls of torment
 V - a scroll of silence
 Y - 7 scrolls of enchant weapon
 Z - 9 scrolls of vulnerability
Potions
 c - 2 potions of ambrosia
 e - 4 potions of invisibility
 f - 4 potions of might
 p - 4 potions of lignification
 s - 11 potions of attraction
 w - 7 potions of mutation
 x - 4 potions of brilliance
 z - 7 potions of enlightenment
 B - 3 potions of berserk rage
 S - 4 potions of cancellation
 T - 6 potions of magic
Miscellaneous
 r - a lightning rod (4/4)


   Skills:
 + Level 20.2 Fighting
 - Level 3.7 Short Blades
 * Level 26.9 Polearms
 - Level 5.0 Throwing
 * Level 24.9 Armour
 - Level 12.7 Dodging
 + Level 16.5 Invocations
 * Level 15.4 Evocations


You had 22 spell levels left.
You didn't know any spells.
Your spell library contained the following spells:

 Spells                   Type           Power      Damage    Failure   Level
 Apportation              Tloc           0%         N/A       99%         1
 Foxfire                  Conj/Fire      0%         2x1d4     99%         1
 Necrotise                Necr           0%         1d4       99%         1
 Sting                    Tmut/Pois      0%         1d3       99%         1
 Summon Small Mammal      Summ           0%         N/A       99%         1
 Blink                    Tloc           0%         N/A       100%        2
 Cigotuvi's Dreadful Rot  Necr/Pois/Air  0%         N/A       100%        2
 Ensorcelled Hibernation  Hex/Ice        0%         N/A       100%        2
 Passwall                 Tmut/Erth      0%         N/A       100%        2
 Poisonous Vapours        Pois/Air       0%         N/A       100%        2
 Static Discharge         Conj/Air       0%         2-2/arc   100%        2
 Call Canine Familiar     Summ           0%         N/A       100%        3
 Dazzling Flash           Conj/Hex       0%         N/A       100%        3
 Frozen Ramparts          Ice            0%         1d1       100%        3
 Inner Flame              Hex/Fire       0%         N/A       100%        3
 Mephitic Cloud           Conj/Pois/Air  0%         N/A       100%        3
 Ozocubu's Armour         Ice            0%         N/A       100%        3
 Portal Projectile        Hex/Tloc       0%         N/A       100%        3
 Stone Arrow              Conj/Erth      0%         3d7       100%        3
 Summon Guardian Golem    Hex/Summ       0%         N/A       100%        3
 Swiftness                Air            0%         N/A       100%        3
 Vhi's Electric Charge    Tloc/Air       0%         N/A       100%        3
 Volatile Blastmotes      Fire/Tloc      0%         2d10      100%        3
 Airstrike                Air            0%         2d(0-16)  100%        4
 Anguish                  Hex/Necr       0%         N/A       100%        4
 Animate Armour           Summ/Erth      0%         N/A       100%        4
 Cause Fear               Hex            0%         N/A       100%        4
 Dispel Undead            Necr           0%         3d6       100%        4
 Iskenderun's Mystic Bla  Conj/Tloc      0%         2d3       100%        4
 Leda's Liquefaction      Hex/Erth       0%         N/A       100%        4
 Manifold Assault         Tloc           0%         N/A       100%        4
 Olgreb's Toxic Radiance  Pois           0%         N/A       100%        4
 Summon Ice Beast         Ice/Summ       0%         N/A       100%        4
 Summon Lightning Spire   Summ/Air       0%         N/A       100%        4
 Alistair's Intoxication  Tmut/Pois      0%         N/A       100%        5
 Arcjolt                  Conj/Air       0%         1d10      100%        5
 Blade Hands              Tmut           0%         N/A       100%        5
 Fireball                 Conj/Fire      0%         3d3       100%        5
 Freezing Cloud           Conj/Ice/Air   0%         6-21      100%        5
 Irradiate                Conj/Tmut      0%         3d11      100%        5
 Iskenderun's Battlesphe  Conj           0%         2d6       100%        5
 Summon Forest            Summ/Tloc      0%         N/A       100%        5
 Summon Mana Viper        Hex/Summ       0%         N/A       100%        5
 Yara's Violent Unravell  Hex/Tmut       0%         3d3       100%        5
 Conjure Ball Lightning   Conj/Air       0%         3x3d6     100%        6
 Death Channel            Necr           0%         N/A       100%        6
 Eringya's Noxious Bog    Tmut/Pois      0%         N/A       100%        6
 Plasma Beam              Fire/Air       0%         2x1d10    100%        6
 Simulacrum               Ice/Necr       0%         N/A       100%        6
 Starburst                Conj/Fire      0%         6d3       100%        6
 Dragon Form              Tmut           0%         N/A       100%        7
 Enfeeble                 Hex            0%         N/A       100%        7
 Malign Gateway           Summ/Tloc      0%         N/A       100%        7
 Monstrous Menagerie      Summ           0%         N/A       100%        7
 Orb of Destruction       Conj           0%         9d5       100%        7
 Ozocubu's Refrigeration  Ice            0%         4d7       100%        7
 Storm Form               Tmut/Air       0%         N/A       100%        7
 Summon Hydra             Summ           0%         N/A       100%        7
 Lehudib's Crystal Spear  Conj/Erth      0%         10d2      100%        8
 Maxwell's Capacitive Co  Air            0%         ∞         100%        8


Dungeon Overview and Level Annotations

Branches:
Dungeon (15/15)            Temple (1/1) D:4            Lair (5/5) D:9
  Swamp (4/4) Lair:3       Spider (4/4) Lair:2        Slime (0/5) Lair:5
    Orc (2/2) D:12            Elf (0/3) Orc:2        Vaults (5/5) D:14
  Crypt (0/3) Vaults:3     Depths (4/4) D:15            Zot (5/5) Depths:4

Altars:
Ashenzari
Cheibriados
Dithmenos
Elyvilon
Fedhas
Gozag
Hepliaklqana
Kikubaaqudgha
Makhleb
Nemelex Xobeh
Okawaru
Qazlal
Ru
Sif Muna
Trog
Uskayaw
Vehumet
Wu Jian
Xom
Yredelemnul
Zin
The Shining One
Jiyva

Shops:
D:14 :!*?*   Orc:2 **?*   Vaults:1 ?*   Vaults:2 ::?   Vaults:4 :   Depths:1 !:
Depths:3 ::=

Portals:
Hell: Depths:1 Depths:2 Depths:3 Depths:4
Abyss: Depths:3 Depths:4
Pandemonium: Depths:2
Ziggurat: Depths:2
Trove: D:12 (show abyssal rune of Zot)

Annotations:
Swamp:3 exclusion: oklob plant
Orc:1 3 runed translucent doors, Umososh's ghost, journeyman MiBe
Depths:4 1 exclusion


Innate Abilities, Weirdness & Mutations

You have a pair of horns on your head.
You reflexively headbutt those who attack you in melee.
You are agile. (Dex +4, Str/Int -1)
You are vulnerable to cold. (rC-)


Message History

The profane servitor attacks as you move away!
The profane servitor hits you but does no damage. x2
You are more poisoned. 2 red draconians come into view.
* * * LOW HITPOINT WARNING * * *
You feel very sick.
The red draconian roars!
You hear a roar!
The profane servitor hits you but does no damage.
You are lethally poisoned!
The profane servitor hits you with a +1 whip of venom.
* * * LOW HITPOINT WARNING * * *
You are more poisoned.
A Tzitzimitl comes into view.
Okay, then.
Unknown command.
You are confused.
You feel invigorated.
* * * LOW HITPOINT WARNING * * *
You feel extremely sick.
You feel you are being watched by something.
You feel your power leaking away. The profane servitor barely misses you.
The profane servitor hits you but does no damage.
You are more poisoned.
You feel you are being watched by something.
Unknown command.
Unknown command.
Unknown command.
You completely miss the profane servitor.
The purple draconian roars!
You headbutt the profane servitor.
The profane servitor is lightly damaged.
* * * LOW HITPOINT WARNING * * *
You feel sick.
The profane servitor hits you with a +1 whip of venom.
* * * LOW HITPOINT WARNING * * *
The profane servitor draws strength from your injuries!
The profane servitor hits you but does no damage.
A red draconian comes into view. It is wielding a +0 halberd.
You die...

. .#...D..#..# ..
..#.....#...y .d..
...###....##...#.......#
d....<....###..#.##^#1#.
#...X.D....##.d...#.d..#
#.......#........).....#
.#......# ##X....#...#
..#..d#.d.##.........##
...#......qd....@.....# .
#...#..d..q.###.##....#...
#..#.#........A###........
.........§>[.......
#..#######........# #
#.q##...## .d.# .## .....
.. ..../.. ##


You could see a profane servitor, a tentacled monstrosity, a black draconian
knight (fast), a Tzitzimitl, 3 draconians, a white draconian, a red draconian
scorcher and a moth of wrath (wandering).

Vanquished Creatures
  An ancient lich (Zot:5)
  3 orbs of fire (Zot:5)
  Josephina (Zot:1)
  Parghit (Zot:1)
  7 caustic shrikes
  3 golden dragons
  Arachne (Spider:4)
  4 bone dragons
  A hellephant (Depths:2)
  8 tentacled monstrosities
  An electric golem (Zot:5)
  2 titans
  14 Orb Guardians (Zot:5)
  Asterion (Depths:2)
  4 death cobs
  3 quicksilver dragons
  7 sphinxes
  4 shadow dragons
  3 thorn hunters (Swamp:3)
  6 storm dragons
  4 tengu reavers
  Donald (Vaults:2)
  2 draconian monks
  15 fire giants
  11 vault wardens
  3 emperor scorpions
  8 frost giants
  A draconian knight (Depths:4)
  10 ghost moths
  A balrug (D:14)
  2 spriggan defenders (Depths:2)
  A draconian stormcaller (Depths:4)
  2 orc warlords
  An iron dragon (D:15)
  A cacodemon (D:14)
  The ghost of Abboc the Unseen, an adept VSWr of Wu Jian (Spider:4)
  4 broodmothers
  16 stone giants
  2 formless jellyfish
  A war gargoyle (Vaults:4)
  2 draconian annihilators
  3 ironbound thunderhulks
  3 green draconians
  14 ironbound preservers
  6 very ugly things
  4 vampire knights
  Nessos (D:14)
  A purple draconian (Zot:1)
  5 white draconians
  11 dire elephants
  3 black draconians
  3 eleionomae
  A deep elf annihilator (Vaults:5)
  4 yellow draconians
  2 blizzard demons (D:14)
  9 spark wasps
  2 merfolk javelineers (Depths:1)
  10 ettins
  A quicksilver dragon skeleton (Vaults:3)
  4 shambling mangroves
  9 fire dragons
  32 vault guards
  5 entropy weavers
  11 yaktaur captains
  9 ice dragons
  2 great orbs of eyes
  A peacekeeper (Vaults:3)
  10 hydras
  Harold (Lair:1)
  3 ghost crabs
  A catoblepas (Lair:5)
  3 spriggan air magi
  11 ironbound frosthearts
  5 ogre magi
  6 jorogumos
  3 radroaches
  2 two-headed ogres (shapeshifter)
  4 centaur warriors
  7 alligators
  19 two-headed ogres
  A boulder beetle (D:14)
  A dancing weapon (Spider:4)
  8 deep troll shamans
  A death scarab (Spider:3)
  17 death yaks
  2 tengu warriors
  6 hell hogs (Depths:2)
  5 spriggan berserkers
  5 demonic crawlers
  2 sun demons (D:14)
  9 deep troll earth magi
  A titan zombie (Vaults:3)
  2 hell knights
  2 skysharks
  A soul eater (D:14)
  7 iron trolls
  2 sixfirhies (D:14)
  A golden dragon zombie (Depths:3)
  11 skeletal warriors
  3 pharaoh ants
  5 goliath frogs
  63 deep trolls
  A death drake (shapeshifter) (Depths:2)
  3 spriggan druids
  A deep troll (shapeshifter) (D:15)
  9 bog bodies
  5 glowing orange brains
  8 wizards
  A death drake (Swamp:4)
  15 orb spiders
  11 ironbound convokers
  3 spectral hydras (Swamp:4)
  3 swamp dragons
  5 phantasmal warriors
  8 lindwurms
  A harpy (shapeshifter) (D:13)
  6 steelbarb worms
  A tengu skeleton (Vaults:3)
  2 orc knights
  A golden dragon skeleton (Depths:3)
  A stone giant zombie (Vaults:3)
  Pikel (D:6)
  4 necromancers
  2 mana vipers (shapeshifter)
  2 deep elf pyromancers
  2 harpies
  3 oklob plants
  A fire giant zombie (Depths:3)
  15 wolf spiders
  An orc sorcerer (Orc:2)
  32 ugly things
  A manticore (D:14)
  6 cyclopes
  9 will-o-the-wisps
  8 human skeletons (Vaults:3)
  Maurice (Orc:1)
  2 rust devils (D:14)
  2 black mambas
  12 moths of wrath
  26 vault sentinels
  23 elephants
  A frost giant skeleton (Vaults:3)
  An orange demon (D:14)
  2 gargoyles
  6 torpor snails
  9 cane toads
  2 swamp worm zombies (Swamp:4)
  An efreet (D:14)
  19 yaktaurs
  7 kobold demonologists
  8 komodo dragons
  An unseen horror (D:11)
  An elf skeleton (Vaults:3)
  2 rime drakes
  5 tengu conjurers
  A freezing wraith (D:15)
  2 ice devils (D:14)
  5 hydra zombies (Swamp:4)
  2 yaktaur skeletons (Vaults:3)
  11 trolls
  4 red devils (D:14)
  A hellwing (D:14)
  6 polar bears
  9 tyrant leeches
  9 meliai
  22 tarantellas
  A wind drake (shapeshifter) (D:14)
  2 spectral swamp dragons (Swamp:4)
  Prince Ribbit (D:5)
  14 hornets
  A sphinx simulacrum (Vaults:3)
  5 alligator zombies (Swamp:4)
  6 dream sheep
  18 culicivoras
  5 blink frogs (Lair:5)
  A spectral black mamba (Lair:3)
  3 shadows
  4 water elementals (Depths:1)
  21 jumping spiders
  Sigmund (D:4)
  10 spriggans
  23 slime creatures
  A ynoxinul (D:9)
  An ettin skeleton (Vaults:3)
  3 wraiths
  3 wyverns
  37 yaks
  3 basilisks
  45 redbacks
  2 chaos spawn (D:14)
  3 steam dragons
  Grum (D:9)
  A neqoxec (D:14)
  A white draconian simulacrum (Zot:1)
  14 vampire mosquitoes
  2 wargs
  Edmund (D:5)
  An acid dragon (D:9)
  11 swamp worms
  16 water moccasins
  2 moth of wrath simulacra (Zot:1)
  12 orc warriors
  2 sky beasts (D:6)
  An ice beast (D:8)
  28 ogres
  4 black bears
  23 wolves
  4 centaurs
  An ogre (shapeshifter) (Depths:3)
  2 swamp dragon zombies (Swamp:4)
  A boggart (Vaults:2)
  3 lemures (D:6)
  6 phantoms
  3 kobold brigands
  15 bullfrogs
  2 gnoll sergeants
  3 scorpions
  14 wights
  4 killer bees (D:10)
  8 electric eels
  7 howler monkeys
  A jelly (D:4)
  Crazy Yiuf (D:3)
  6 hounds
  12 orc priests
  4 iguanas
  Ijyb (D:3)
  2 gnoll boudas
  22 orc wizards
  Natasha (thrice) (D:3)
  2 spectral swamp drakes (Swamp:4)
  6 adders
  13 gnolls
  A river rat (shapeshifter) (Depths:3)
  A white imp (D:7)
  A shadow imp (D:6)
  An ufetubus (D:7)
  2 worms
  3 dart slugs
  72 orcs
  7 bats
  4 endoplasms
  2 giant cockroaches (D:2)
  8 goblins
  4 hobgoblins
  A jackal (D:2)
  A quokka (D:1)
  3 ball pythons
  5 frilled lizards
  17 kobolds
  4 rats
  A spectral weapon (Depths:2)
1543 creatures vanquished.

Vanquished Creatures (collateral kills)
  A Killer Klown (Zot:5)
  A shard shrike (Zot:4)
  A very ugly thing (Zot:4)
  A white draconian (Zot:4)
4 creatures vanquished.

Vanquished Creatures (others)
  A great orb of eyes (Vaults:2)
  3 bloated husks (Swamp:4)
  A spectral swamp dragon (Swamp:4)
  2 moth of wrath simulacra (Zot:1)
  2 phantoms (Swamp:4)
  An adder (D:6)
  18 foxfires
28 creatures vanquished.

Grand Total: 1575 creatures vanquished

Notes
Turn   | Place    | Note
-------+----------+-------------------------------------------
     0 | D:1      | Anon1729 the Minotaur Monk began the quest for the Orb.
     0 | D:1      | Reached XP level 1. HP: 19/19 MP: 0/0
    97 | D:1      | Reached XP level 2. HP: 27/27 MP: 1/1
   745 | D:2      | Reached XP level 3. HP: 13/33 MP: 2/2
   947 | D:2      | Reached skill level 1 in Armour
  1043 | D:2      | Identified the +8 spear of Jecuc {speed, Dex+3 Stlth+}
  1152 | D:2      | You fall into a shaft and drop 1 floor!
  1287 | D:3      | Noticed Ijyb
  1290 | D:3      | Found a basalt altar of Yredelemnul.
  1294 | D:3      | Killed Ijyb
  1295 | D:3      | Reached skill level 1 in Polearms
  1295 | D:3      | Reached skill level 1 in Invocations
  1295 | D:3      | Reached XP level 4. HP: 38/40 MP: 3/3
  1362 | D:3      | Noticed Natasha
  1369 | D:3      | Killed Natasha
  1488 | D:3      | Noticed Natasha
  1493 | D:3      | Killed Natasha
  1494 | D:3      | Reached skill level 2 in Polearms
  1572 | D:3      | Found a runed translucent door.
  1573 | D:3      | Noticed Crazy Yiuf
  1627 | D:3      | Reached XP level 5. HP: 47/47 MP: 5/5
  1892 | D:3      | Noticed Natasha
  1897 | D:3      | Killed Natasha
  2152 | D:3      | Killed Crazy Yiuf
  3101 | D:4      | Noticed Sigmund
  3109 | D:4      | Killed Sigmund
  3110 | D:4      | Reached skill level 5 in Fighting
  3110 | D:4      | Reached skill level 3 in Polearms
  3110 | D:4      | Reached XP level 6. HP: 35/56 MP: 6/6
  3196 | D:4      | Found a staircase to the Ecumenical Temple.
  3327 | Temple   | Entered the Ecumenical Temple
  3395 | Temple   | Became a worshipper of Uskayaw the Reveller
  3395 | Temple   | Reached * piety under Uskayaw
  3589 | D:4      | Found a shadowy altar of Dithmenos.
  3590 | D:4      | Found a snail-covered altar of Cheibriados.
  3598 | D:4      | Reached ** piety under Uskayaw
  3603 | D:4      | Reached skill level 4 in Polearms
  3635 | D:4      | Reached XP level 7. HP: 52/61 MP: 7/7
  3799 | D:5      | Entered Level 5 of the Dungeon
  3962 | D:5      | Found a glowing golden altar of the Shining One.
  4021 | D:5      | Noticed Prince Ribbit
  4028 | D:5      | Reached *** piety under Uskayaw
  4031 | D:5      | Killed Prince Ribbit
  4032 | D:5      | Reached skill level 5 in Polearms
  4032 | D:5      | Reached skill level 5 in Dodging
  4050 | D:5      | Noticed Edmund
  4070 | D:5      | Reached **** piety under Uskayaw
  4072 | D:5      | Killed Edmund
  4073 | D:5      | Reached XP level 8. HP: 41/70 MP: 9/9
  4075 | D:5      | Reached ***** piety under Uskayaw
  4191 | D:5      | Reached skill level 6 in Polearms
  4700 | D:6      | Noticed Pikel
  4712 | D:6      | Killed Pikel
  4713 | D:6      | Reached skill level 7 in Polearms
  4713 | D:6      | Reached skill level 5 in Armour
  4759 | D:6      | Reached XP level 9. HP: 78/78 MP: 11/11
  4864 | D:6      | Reached skill level 8 in Polearms
  4891 | D:6      | Reached ****** piety under Uskayaw
  4911 | D:6      | Reached skill level 5 in Invocations
  4967 | D:6      | Noticed a boulder beetle
  5290 | D:7      | Reached skill level 9 in Polearms
  5660 | D:7      | Found a radiant altar of Vehumet.
  5903 | D:8      | Reached XP level 10. HP: 53/88 MP: 13/13
  6233 | D:8      | Identified the +5 scale mail of Agoraphobia {Int+3}
  6374 | D:8      | Reached skill level 10 in Polearms
  6493 | D:9      | Found a staircase to the Lair.
  6748 | D:9      | Identified the +4 battleaxe of the Muttering Blowfly
                  | {distort, Fly Str+7 Dex-3 SInv}
  6833 | D:9      | Noticed Grum
  6849 | D:9      | Killed Grum
  6850 | D:9      | Reached skill level 11 in Polearms
  7176 | D:9      | Found a bloodstained altar of Trog.
  7198 | D:9      | Found a shimmering blue altar of Sif Muna.
  7202 | D:9      | Got Sif Muna's Quarto of Metamorphic Displacement
  7218 | D:9      | Found a faded altar of an unknown god.
  7220 | D:9      | Found a hazy altar of Hepliaklqana.
  7220 | D:9      | Found a faded altar of an unknown god.
  7631 | D:10     | Entered Level 10 of the Dungeon
  7635 | D:10     | Identified the ring "Jidwis" {Dex+7 SInv}
  7844 | D:10     | Reached XP level 11. HP: 97/97 MP: 14/14
  8808 | D:11     | Reached skill level 12 in Polearms
  9336 | D:12     | Noticed a skeletal warrior
  9351 | D:12     | Killed a skeletal warrior
  9467 | D:12     | Found a portal to a secret trove of treasure.
  9509 | D:12     | Noticed a green ugly thing
  9512 | D:12     | Noticed a centaur warrior
  9521 | D:12     | Killed a green ugly thing
  9522 | D:12     | Reached skill level 10 in Fighting
  9531 | D:12     | Killed a centaur warrior
  9726 | D:12     | Got Hoclick's Incunable of Fulgurous Rallying
  9792 | D:12     | Noticed a red ugly thing
  9802 | D:12     | Killed a red ugly thing
  9803 | D:12     | Reached skill level 13 in Polearms
  9915 | D:12     | Found a glowing silver altar of Zin.
 10238 | D:12     | Found a staircase to the Orcish Mines.
 10361 | Orc:1    | Entered Level 1 of the Orcish Mines
 10363 | Orc:1    | Noticed a two-headed ogre
 10384 | Orc:1    | Killed a two-headed ogre
 10386 | Orc:1    | Noticed Maurice
 10414 | Orc:1    | Killed Maurice
 10415 | Orc:1    | Reached XP level 12. HP: 77/108 MP: 16/16
 10827 | Orc:1    | Found a runed translucent gate.
 10827 | Orc:1    | Found a runed translucent gate.
 10827 | Orc:1    | Found a runed translucent gate.
 10839 | Orc:1    | Noticed Umososh's ghost (journeyman MiBe)
 10858 | Orc:1    | Noticed a two-headed ogre
 10866 | Orc:1    | Killed a two-headed ogre
 10980 | Orc:2    | Entered Level 2 of the Orcish Mines
 11036 | Orc:2    | Reached skill level 10 in Armour
 11100 | Orc:2    | Reached skill level 14 in Polearms
 11106 | Orc:2    | Found a staircase to the Elven Halls.
 11298 | Orc:2    | Noticed a two-headed ogre
 11306 | Orc:2    | Noticed a two-headed ogre
 11306 | Orc:2    | Noticed a two-headed ogre
 11312 | Orc:2    | Killed a two-headed ogre
 11316 | Orc:2    | Noticed an ogre mage
 11321 | Orc:2    | Killed a two-headed ogre
 11321 | Orc:2    | Noticed an ogre mage
 11322 | Orc:2    | Reached skill level 10 in Dodging
 11327 | Orc:2    | Killed a two-headed ogre
 11328 | Orc:2    | Noticed a two-headed ogre
 11328 | Orc:2    | Noticed a two-headed ogre
 11337 | Orc:2    | Killed an ogre mage
 11345 | Orc:2    | Killed an ogre mage
 11349 | Orc:2    | Killed a two-headed ogre
 11350 | Orc:2    | Killed a two-headed ogre
 11351 | Orc:2    | Noticed a two-headed ogre
 11354 | Orc:2    | Noticed a two-headed ogre
 11361 | Orc:2    | Killed a two-headed ogre
 11366 | Orc:2    | Killed a two-headed ogre
 11372 | Orc:2    | Noticed a two-headed ogre
 11375 | Orc:2    | Reached skill level 15 in Polearms
 11375 | Orc:2    | Noticed a two-headed ogre
 11375 | Orc:2    | Noticed a two-headed ogre
 11375 | Orc:2    | Noticed an ogre mage
 11376 | Orc:2    | Noticed a two-headed ogre
 11376 | Orc:2    | Noticed a two-headed ogre
 11376 | Orc:2    | Noticed an ogre mage
 11377 | Orc:2    | Noticed a two-headed ogre
 11377 | Orc:2    | Noticed a two-headed ogre
 11378 | Orc:2    | Noticed a two-headed ogre
 11381 | Orc:2    | Killed a two-headed ogre
 11432 | Orc:2    | Killed a two-headed ogre
 11436 | Orc:2    | Killed a two-headed ogre
 11437 | Orc:2    | Reached XP level 13. HP: 60/117 MP: 14/18
 11776 | Orc:2    | Found Lohiaq's General Store.
 11776 | Orc:2    | Found Xevvigus's Magic Scroll Shoppe.
 11778 | Orc:2    | Found Exutsar's Assorted Antiques.
 11778 | Orc:2    | Found Zoxuuhut's Assorted Antiques.
 11785 | Orc:2    | Bought a scroll of identify for 22 gold pieces
 11785 | Orc:2    | Bought a scroll of teleportation for 33 gold pieces
 11786 | Orc:2    | Bought a scroll of blinking for 97 gold pieces
 11786 | Orc:2    | Bought a scroll of fear for 52 gold pieces
 11786 | Orc:2    | Bought a scroll of teleportation for 39 gold pieces
 11786 | Orc:2    | Bought a scroll of identify for 26 gold pieces
 11786 | Orc:2    | Bought a scroll of identify for 26 gold pieces
 11786 | Orc:2    | Bought a scroll of teleportation for 39 gold pieces
 11786 | Orc:2    | Bought 3 scrolls of enchant weapon for 292 gold pieces
 11786 | Orc:2    | Bought a scroll of fog for 52 gold pieces
 11786 | Orc:2    | Bought a scroll of enchant armour for 97 gold pieces
 11788 | Orc:2    | Bought a fuming inky potion for 27 gold pieces
 11788 | Orc:2    | Bought a scroll labelled FUROORREGIA for 31 gold pieces
 12180 | Lair:1   | Entered Level 1 of the Lair of Beasts
 12578 | Lair:1   | Noticed Harold
 12593 | Lair:1   | Killed Harold
 12929 | Lair:2   | Found a hole to the Spider Nest.
 12935 | Lair:2   | Reached skill level 16 in Polearms
 14320 | Lair:3   | Found a staircase to the Swamp.
 14590 | Lair:4   | Reached XP level 14. HP: 118/127 MP: 20/20
 14627 | Lair:4   | Reached skill level 10 in Invocations
 14855 | Lair:4   | Reached skill level 17 in Polearms
 15424 | Lair:5   | Entered Level 5 of the Lair of Beasts
 15918 | Lair:5   | Found a staircase to the Slime Pits.
 15918 | Lair:5   | Found a viscous altar of Jiyva.
 16189 | Lair:5   | Reached skill level 18 in Polearms
 16897 | Lair:5   | Reached XP level 15. HP: 137/137 MP: 22/22
 17909 | D:13     | Found the +9 scales of the Dragon King {rPois rF+ rC+
                  | Will+}
 18567 | D:13     | Identified the +11 whip of Radicalism {heavy, rPois Str+2}
 18882 | D:14     | Found Rirepp's Distillery.
 18890 | D:14     | Bought a potion of degeneration for 19 gold pieces
 18890 | D:14     | Bought a potion of haste for 190 gold pieces
 18890 | D:14     | Bought a potion of heal wounds for 95 gold pieces
 18890 | D:14     | Bought a potion of berserk rage for 95 gold pieces
 18890 | D:14     | Bought a potion of mutation for 152 gold pieces
 18901 | D:14     | Found Kilugouk's Book Shop.
 18946 | D:14     | Reached skill level 19 in Polearms
 19161 | D:14     | Found a sparkling altar of Nemelex Xobeh.
 19368 | D:14     | Gained mutation: You are agile. (Dex +4, Str/Int -1) [a
                  | neqoxec]
 19375 | D:14     | Found Refu's General Store.
 19395 | D:14     | Noticed Nessos
 19418 | D:14     | Killed Nessos
 19701 | D:14     | Found Qiecalog's General Store.
 19710 | D:14     | Bought a scroll of summoning for 133 gold pieces
 19961 | D:14     | Found a burning altar of Makhleb.
 20045 | D:14     | Identified the staff of death "Gapneih" {rPois rF+ rN+
                  | rCorr Dex+3}
 20047 | D:14     | Got the Almanac of Chilblains and Aeromancy
 20167 | D:14     | Reached skill level 15 in Armour
 20449 | D:14     | Found Petaomup's Magic Scroll Boutique.
 20456 | D:14     | Bought a scroll of teleportation for 51 gold pieces
 20456 | D:14     | Bought a scroll of identify for 34 gold pieces
 20456 | D:14     | Bought a scroll of fog for 68 gold pieces
 20456 | D:14     | Bought a scroll of teleportation for 51 gold pieces
 20457 | D:14     | Bought a scroll of identify for 34 gold pieces
 20612 | D:14     | Found a gate to the Vaults.
 20812 | D:15     | Entered Level 15 of the Dungeon
 21016 | D:15     | Found a broken altar of Ashenzari.
 21041 | D:15     | Reached XP level 16. HP: 143/147 MP: 23/23
 21080 | D:15     | Reached skill level 15 in Fighting
 21600 | D:15     | Reached skill level 20 in Polearms
 21659 | D:15     | Found a staircase to the Depths.
 21990 | Spider:1 | Entered Level 1 of the Spider Nest
 24883 | Spider:3 | Reached skill level 21 in Polearms
 26171 | Spider:4 | Entered Level 4 of the Spider Nest
 26211 | Spider:4 | Reached XP level 17. HP: 141/158 MP: 25/25
 27127 | Spider:4 | Found a runed translucent door.
 27127 | Spider:4 | Found a shimmering altar of Xom.
 27127 | Spider:4 | Noticed Abboc's ghost (adept VSWr)
 27173 | Spider:4 | Noticed Arachne
 27186 | Spider:4 | Killed Arachne
 27358 | Spider:4 | Reached XP level 18. HP: 166/166 MP: 26/26
 28081 | Spider:4 | Got a gossamer rune of Zot
 28538 | Spider:4 | Killed Abboc's ghost
 28539 | Spider:4 | Reached skill level 22 in Polearms
 28543 | Spider:4 | Identified the staff of air "Naw Uhuf" {*Slow rElec Will-
                  | rCorr Int+2 Dex+2}
 28716 | Swamp:1  | Entered Level 1 of the Swamp
 28879 | Swamp:1  | Identified the +8 mace "Leviticus" {venom, Fly Will+}
 28947 | Swamp:1  | You are sucked into a shaft and drop 1 floor!
 30081 | Swamp:3  | Reached skill level 1 in Throwing
 30146 | Swamp:3  | Reached skill level 1 in Evocations
 31168 | Swamp:4  | Entered Level 4 of the Swamp
 31186 | Swamp:4  | Identified the +4 great sword of the Doomed God {protect,
                  | Int+3}
 31338 | Swamp:4  | Reached XP level 19. HP: 147/174 MP: 28/28
 32135 | Swamp:4  | HP: 6/154 [spore (22)]
 32137 | Swamp:4  | Noticed a bone dragon
 32505 | Swamp:4  | Killed a bone dragon
 32513 | Swamp:4  | Got a decaying rune of Zot
 33182 | Vaults:1 | Entered Level 1 of the Vaults
 33259 | Depths:1 | Entered Level 1 of the Depths
 33832 | Vaults:1 | Found Qifov's Magic Scroll Shop.
 33855 | Vaults:1 | Bought a scroll of teleportation for 48 gold pieces
 34046 | Vaults:1 | Found Ecvet's General Store.
 34580 | Vaults:1 | Reached skill level 23 in Polearms
 35450 | Vaults:2 | Found a flickering gateway to a bazaar.
 35462 | Bazaar   | Entered a bazaar
 35462 | Bazaar   | Found Uxubbi's Book Shop.
 35571 | Bazaar   | Found Mulonus's Antique Weapon Emporium.
 35586 | Bazaar   | Found Jafet's Antique Armour Boutique.
 35586 | Bazaar   | Found Uvvin's Magic Scroll Boutique.
 35588 | Bazaar   | Found Ibrebbisk's General Store.
 35614 | Bazaar   | Bought a potion of curing for 36 gold pieces
 35614 | Bazaar   | Bought a potion of curing for 36 gold pieces
 35633 | Bazaar   | Bought a manual of Evocations for 1200 gold pieces
 35681 | Vaults:2 | Found Ireet's Book Shop.
 36404 | Vaults:2 | Noticed Donald
 36416 | Vaults:2 | Killed Donald
 36459 | Vaults:2 | Found Iliaz's Magic Scroll Shoppe.
 36467 | Vaults:2 | Bought a scroll of fear for 72 gold pieces
 36467 | Vaults:2 | Bought a scroll of vulnerability for 72 gold pieces
 36467 | Vaults:2 | Bought a scroll of teleportation for 54 gold pieces
 36467 | Vaults:2 | Bought a scroll of immolation for 72 gold pieces
 36473 | Vaults:2 | Found Xuagg's Book Shoppe.
 36942 | Vaults:3 | Reached skill level 5 in Evocations
 37015 | Vaults:3 | Reached skill level 5 in Throwing
 37118 | Vaults:3 | Reached XP level 20. HP: 185/185 MP: 29/29
 38073 | Vaults:3 | Found a staircase to the Crypt.
 39383 | Vaults:4 | Reached skill level 24 in Polearms
 40483 | Vaults:4 | Found Hizanepp's Book Boutique.
 41475 | Orc:2    | Bought a glowing scarf for 216 gold pieces
 42010 | D:15     | Reached skill level 10 in Evocations
 42647 | Depths:1 | Reached XP level 21. HP: 162/195 MP: 31/31
 42952 | Depths:1 | Found a gateway to Hell.
 42980 | Depths:1 | Found Nuusif's Book Emporium.
 42980 | Depths:1 | Found Feroic's Distillery.
 42994 | Depths:1 | Bought a potion of heal wounds for 110 gold pieces
 42994 | Depths:1 | Bought a potion of heal wounds for 110 gold pieces
 42994 | Depths:1 | Bought a potion of resistance for 220 gold pieces
 43220 | Depths:1 | Reached skill level 15 in Invocations
 43999 | Depths:2 | Found a one-way gateway to a ziggurat.
 44001 | Depths:2 | Found a one-way gate leading to the halls of Pandemonium.
 44502 | Depths:2 | Noticed Asterion
 44521 | Depths:2 | Killed Asterion
 45704 | Depths:2 | Reached skill level 25 in Polearms
 46099 | Depths:3 | Noticed a caustic shrike
 46237 | Depths:3 | Noticed a caustic shrike
 46371 | Depths:2 | Killed a caustic shrike
 46500 | Depths:3 | Killed a caustic shrike
 47761 | Depths:3 | Noticed a golden dragon
 47780 | Depths:3 | Killed a golden dragon
 48249 | Depths:3 | Found a one-way gate to the infinite horrors of the Abyss.
 48407 | Depths:3 | Found Rampoy's Book Shop.
 48408 | Depths:3 | Found Cutuotui's Jewellery Emporium.
 48409 | Depths:3 | Found Erer's Book Shop.
 48451 | Depths:4 | Entered Level 4 of the Depths
 48699 | Depths:4 | Reached XP level 22. HP: 205/205 MP: 32/32
 48770 | Depths:4 | Noticed a golden dragon
 48811 | Depths:4 | Killed a golden dragon
 49190 | Depths:4 | Noticed a caustic shrike
 49191 | Depths:4 | Noticed a caustic shrike
 49193 | Depths:4 | Noticed a caustic shrike
 49203 | Depths:3 | Killed a caustic shrike
 49421 | Depths:4 | Noticed a caustic shrike
 49436 | Depths:3 | Killed a caustic shrike
 49868 | Depths:4 | Killed a caustic shrike
 49995 | Depths:4 | Killed a caustic shrike
 50435 | Depths:4 | Noticed a caustic shrike
 50445 | Depths:4 | Killed a caustic shrike
 50912 | Depths:4 | Found a gate to the Realm of Zot.
 51709 | Vaults:5 | Entered Level 5 of the Vaults
 51812 | Vaults:5 | Reached skill level 26 in Polearms
 52035 | Vaults:5 | Got a silver rune of Zot
 52666 | Zot:1    | Entered Level 1 of the Realm of Zot
 52851 | Zot:1    | Identified the ring of Hepliaklqana's Respect {Ice MP+9
                  | Dex+3}
 52851 | Zot:1    | Noticed Josephina
 52885 | Zot:1    | Killed Josephina
 53440 | Zot:1    | Noticed Parghit
 53984 | Zot:1    | Killed Parghit
 54722 | Zot:2    | Reached XP level 23. HP: 184/215 MP: 34/34
 55642 | Zot:5    | Entered Level 5 of the Realm of Zot
 56696 | Zot:5    | Reached skill level 15 in Evocations
 56708 | Zot:5    | Noticed an ancient lich
 56728 | Zot:5    | Noticed an orb of fire
 56741 | Zot:5    | Killed an ancient lich
 56782 | Zot:5    | Killed an orb of fire
 56828 | Zot:5    | Noticed an orb of fire
 56830 | Zot:5    | Killed an orb of fire
 56885 | Zot:5    | Noticed a Killer Klown
 56925 | Zot:5    | Killed a Killer Klown
 57124 | Zot:5    | Noticed an orb of fire
 57126 | Zot:5    | Gained mutation: You are vulnerable to cold. (rC-) [an orb
                  | of fire]
 57155 | Zot:5    | Killed an orb of fire
 57629 | Zot:5    | Got the Orb of Zot
 57633 | Zot:5    | Noticed an orb of fire
 57634 | Zot:5    | Noticed an ancient lich
 57634 | Zot:5    | Noticed a Killer Klown
 57645 | Zot:4    | Noticed a shard shrike
 57659 | Zot:4    | Killed a shard shrike
 57720 | Zot:3    | HP: 11/324 [death cob (16)]
 57746 | Zot:3    | HP: 7/214 [poisoned by a profane servitor]
 57747 | Zot:3    | HP: 1/214 [profane servitor/+1 whip of venom (5)]
 57748 | Zot:3    | Succumbed to a profane servitor's poison

Illustrated notes

Levels and vault maps discovered:
D:1:      tarquinn_simple_flora_water_e, layout_loops_ring
D:2:      minmay_recursive_quarters, layout_basic, kennysheep_minor_cross
D:3:      layout_basic, mainiacjoe_overflow_boulevard, uniq_ijyb,
          uniq_crazy_yiuf_cottage, uniq_natasha
D:4:      layout_gridville, chequers_temple_overflow_statue_of_worship,
          minmay_temple_entry_ruins, chequers_serial_rivers_micro_c,
          uniq_sigmund
D:5:      layout_basic, nicolae_tso_swordbearing_angel, uniq_prince_ribbit1,
          uniq_edmund
D:6:      minmay_chambers_of_threes, layout_rooms, gammafunk_ghost_smash,
          st_stairs_4, uniq_pikel, uniq_blork_the_orc
D:7:      layout_loops_cross, mainiacjoe_overflow_alcove_2
D:8:      layout_cave_pools
D:9:      layout_basic, nzn_overflow_gifts_of_might_and_magic,
          nicolae_hepliaklqana_ecumenical_no_more, erik_lair_island, uniq_grum
D:10:     layout_basic, serial_bayou_lagoon_a
D:11:     layout_irregular_city
D:12:     layout_roguey, hiddenorc1_lemuel, nicolae_trove_entry_crossroad,
          st_stairs_2, serial_park_tiny_1, zin_academy
D:13:     layout_stronghold
D:14:     evilmike_makhleb_hellhole, layout_irregular_city, david_vaults_4,
          serial_demonic, serial_demonic_f, serial_demonic_e, serial_demonic_a,
          serial_demonic_d, lemuel_doored_altar, serial_shops, shop_fountains,
          nicolae_shop_peninsula, shop, nicolae_shop_tiny_waterfront,
          nicolae_shop_crystal, uniq_nessos
D:15:     grunt_enter_depths_hoard, layout_irregular_city,
          nicolae_ashenzari_skybound
Temple:   eino_temple_lava
Lair:1:   layout_big_grid, st_stairs_7, uniq_harold
Lair:2:   layout_roguey, spider_nest_entry_rubble
Lair:3:   layout_hall_layers, nicolae_swamp_entry_spooky, grunt_megastairs_4,
          infiniplex_staircase_pool_2
Lair:4:   layout_regular_city, beast_lair_carwin_4
Lair:5:   grunt_lair_end_beastmaster, layout_cave_pods, slime_entry_1,
          serial_bayou_shore_a
Swamp:1:  layout_basic_swamp, evilmike_swamp_ruin_house_4
Swamp:2:  layout_basic_swamp, serial_swamp_ruin, evilmike_swamp_ruin_house_2,
          hangedman_swamp_ruin_hall, evilmike_swamp_ruin_house_5, swamp_pool3,
          nicolae_swamp_wisp_ring_woods
Swamp:3:  nicolae_swamp_phyte_club, layout_basic_swamp,
          evilmike_swamp_ruin_rubble_2, swamp_pool5
Swamp:4:  swamp_pestilence, layout_basic_swamp, swamp_pool2,
          infiniplex_staircase_pool
Spider:1: layout_spider_delve
Spider:2: layout_spider_delve
Spider:3: layout_spider_delve, nicolae_spider_twisty_arc_passages
Spider:4: johnstein_spider_rune_arachne_lair, ebering_ghost_xom
Orc:1:    layout_caves, ebering_ghost_rock_garden, uniq_maurice
Orc:2:    st_orc_ogre_mass, layout_diamond_mine, basic_altar,
          nicolae_orc_tapped_out
Vaults:1: nicolae_vaults_trapezoid_lopsided_1, v_pattern_3, v_misc_5,
          nicolae_vaults_stepped_doors, nicolae_vaults_octothorpe,
          nicolae_vaults_sightless_eye, nicolae_vaults_tetromino_T_1,
          layout_vaults_chaotic_city, serial_shops, shop,
          nicolae_shop_tiny_glass
Vaults:2: ontoclasm_vaults_ring_small, nicolae_vaults_wrenched, v_misc_3,
          hangedman_vaults_slice, nicolae_vaults_circle_grid_b, v_misc_29,
          vaults_mumra_hex, nicolae_vaults_security_offices_5,
          vaults_room_door_hall, nicolae_vaults_little_squares_4,
          nicolae_vaults_trapezoid_1, ontoclasm_vaults_tryst,
          layout_vaults_maze_bifur, serial_shops, bzr_firewalk, shop,
          nicolae_shop_rolling_square, nicolae_book_shop_shelving, uniq_donald
Vaults:3: nicolae_vaults_ring_of_whatevers, minmay_crypt_entry_skeletal_spiral,
          v_misc_14, nicolae_vaults_double_plus_3, hangedman_vaults_snaps,
          nicolae_vaults_closet_pinwheel_3, nicolae_vaults_ellipses_ellipsis,
          v_alt_pattern_5, nicolae_vaults_spaceships, dpeg_vaults_monster_box,
          vaults_dpeg_hooks, v_misc_22, layout_vaults_omnicross
Vaults:4: v_misc_17, nicolae_vaults_door_testing_chamber, hangedman_vaults_maws,
          vaults_room_fancy_cross, nicolae_vaults_network_barrier,
          vaults_room_guarded_vault, nicolae_vaults_cochlea, v_misc_12,
          vaults_mumra_minichess, nicolae_vaults_two_Ls, nicolae_vaults_house_2,
          nicolae_vaults_more_shelving_1, nicolae_vaults_rhombus_6, v_misc_22,
          layout_vaults_ring, serial_shops, shop_coins
Vaults:5
Depths:1: layout_gridlike, chequers_serial_rivers_micro_d,
          pf_hell_entry_great_geh, serial_bayou, serial_bayou_pond_c,
          serial_bayou_ford_a, serial_bayou_pond_e, serial_bayou_pond_b,
          minmay_strange_pillars, evilmike_ambush [evilmike_ambush_outer_basic,
          evilmike_ambush_inner_wall_1], minmay_shoptagon
Depths:2: kennysheep_blocky_hall, layout_gridlike, enter_ziggurat_f, pan_entry,
          grunt_hell_horde, serial_sigils_hangedman_clutch,
          infiniplex_staircase_split_hallway, serial_bayou_shore_b,
          uniq_asterion
Depths:3: minmay_dotted_concentric_squares, layout_basic,
          abyss_entry_small_statue_room, minmay_misc_feat_cross, hell_entry,
          grunt_megastairs_3, minmay_shop_grove, infiniplex_staircase_zigzag_5
Depths:4: grunt_zot_entry_gee_three, layout_gridville, abyss_entry, hell_entry
Zot:1:    layout_basic, hangedman_zot_diagonal_lockstep, grunt_ministairs_1,
          uniq_josephina, uniq_parghit
Zot:2:    layout_misc_corridors, gammafunk_ghost_tricky_traps
Zot:3:    layout_onion_interference
Zot:4:    layout_misc_corridors, hangedman_zot_spectrum
Zot:5:    layout_misc_corridors

Skill      XL: |  1  2  3  4  5  6  7  8  9 10 11 12 13 14 15 16 17 18 19 20 21 22 23 |
---------------+----------------------------------------------------------------------+-----
Fighting       | 4 5 6 8 9 10 11 12 13 14 15 16 17 18 19 20 | 20.2
Armour         | 1 2 3 4 5 6 8 9 10 12 13 15 17 18 19 20 22 23 24 | 24.9
Polearms       | 1 2 3 4 5 7 9 11 13 15 16 18 19 21 22 23 24 25 26 | 26.9
Invocations    | 1 2 3 4 5 6 7 8 9 10 11 12 13 14 15 16 | 16.5
Dodging        | 4 5 6 7 8 9 10 11 12 | 12.7
Throwing       | 2 5 |  5.0
Evocations     | 1 5 10 13 14 15 | 15.4
Short Blades   | |  3.7

Action                     |  1- 3 |  4- 6 |  7- 9 | 10-12 | 13-15 | 16-18 | 19-21 | 22-24 || total
---------------------------+-------+-------+-------+-------+-------+-------+-------+-------++-------
  Melee: Short sword       |    71 |       |       |       |       |       |       |       ||    71
         Headbutt          |    13 |    11 |    47 |   157 |   366 |   540 |  1057 |   542 ||  2733
         Spear             |    10 |    84 |   218 |   689 |  1303 |  1691 |  3004 |  1469 ||  8468
 Invoke: Grand Finale      |       |       |       |     1 |     2 |       |     8 |     4 ||    15
         Stomp             |       |       |       |     1 |     2 |     3 |     5 |     3 ||    14
         Line Pass         |       |       |       |       |       |       |     2 |     4 ||     6
  Evoke: Wand              |       |       |     2 |       |     5 |       |       |     6 ||    13
    Use: Potion            |       |       |     2 |     1 |     2 |     2 |     7 |    32 ||    46
         Scroll            |       |       |       |    13 |    11 |       |     9 |    26 ||    59
   Stab: Sleeping          |       |     1 |       |       |       |       |       |       ||     1
         Paralysed         |       |       |    28 |    66 |   186 |   219 |   424 |   204 ||  1127
         Distracted        |       |       |       |     1 |     1 |     1 |     3 |       ||     6
         Confused          |       |       |       |       |       |       |     4 |     3 ||     7
         Invisible         |       |       |       |       |       |       |       |     1 ||     1
         Fleeing           |       |       |       |       |       |       |       |     1 ||     1
 Armour: Robe              |     8 |       |       |       |       |       |       |       ||     8
         Chain mail        |       |    13 |    33 |     1 |       |       |       |       ||    47
         Scale mail        |       |       |       |    41 |    56 |       |       |       ||    97
         Gold dragon scale |       |       |       |       |    67 |   340 |   670 |   432 ||  1509
  Dodge: Dodged            |    35 |    11 |    30 |   159 |   281 |   338 |   511 |   378 ||  1743
         Repelled          |       |       |       |       |       |       |     6 |    13 ||    19

Table legend: (Time is in decaauts)
 A = Elapsed time spent in this place.
 B = Non-inter-level travel time spent in this place.
 C = Inter-level travel time spent in this place.
 D = Time resting spent in this place.
 E = Time spent auto-exploring this place.
 F = Levels seen in this place.
 G = Mean time per level.
                   A        B        C        D        E       F      G
               +--------+--------+--------+--------+--------+-----+--------+
         Total |  52282 |  48726 |   3556 |   6945 |  34902 |  46 | 1136.6 |
       Dungeon |  15903 |  14135 |   1768 |   1353 |  11139 |  15 | 1060.2 |
        Temple |     77 |     56 |     21 |      0 |     48 |   1 |   77.0 |
          Lair |   4893 |   4536 |    357 |     38 |   3948 |   5 |  978.6 |
         Swamp |   3731 |   3598 |    133 |    667 |   2321 |   4 |  932.8 |
   Spider Nest |   5962 |   5805 |    157 |    309 |   4701 |   4 | 1490.5 |
  Orcish Mines |   1645 |   1487 |    158 |     87 |   1035 |   2 |  822.5 |
        Vaults |   7215 |   6637 |    578 |    826 |   4612 |   5 | 1443.0 |
        Depths |   8030 |   7684 |    346 |   1271 |   5437 |   4 | 2007.5 |
           Zot |   4644 |   4610 |     34 |   2392 |   1505 |   5 |  928.8 |
        Bazaar |    177 |    177 |      0 |      0 |    155 |   1 |  177.0 |
               +--------+--------+--------+--------+--------+-----+--------+

Top non-repeatable levels by time:
Depths:3: 3085 daAuts
    D:14: 2319 daAuts
Depths:2: 2191 daAuts
Spider:4: 2173 daAuts
Vaults:3: 1908 daAuts
Vaults:2: 1902 daAuts
   Zot:1: 1887 daAuts
    D:15: 1875 daAuts
Depths:4: 1852 daAuts
   Zot:5: 1793 daAuts
Vaults:4: 1685 daAuts
  Lair:5: 1665 daAuts
Spider:3: 1576 daAuts
 Swamp:4: 1571 daAuts
    D:13: 1408 daAuts
